ITL
RICHMOND FLAIRS @ PORTLAND PRIVATEERS
05/21/2025
 
TOP OF THE 1ST
Richmond Flairs batting - Pitching for Portland Privateers : RHP Steven de Vos
Pitching: RHP Steven de Vos
Batting: RHB António Gonzáles 0-0: Ball
1-0: Swinging Strike
1-1: SINGLE (Popup, 6D)
Batting: RHB Alberto Hernández 0-0: Called Strike
0-1: Ball
1-1: Fly out, F6 (Popup, 5DF)
Batting: RHB Andrés Lara 0-0: Ball
1-0: Fielders Choice at 2nd, U4 (Groundball, 4M)
Batting: RHB Elliott Johnston 0-0: Ball
1-0: Called Strike
1-1: Foul Ball, location: 2F
1-2: Ball
2-2: Ball
3-2: Fly out, F3 (Popup, 3F)
Top of the 1st over - 0 run(s), 1 hit(s), 0 error(s), 1 left on base; Richmond 0 - Portland 0
BOTTOM OF THE 1ST
Portland Privateers batting - Pitching for Richmond Flairs : RHP John Smith
Pitching: RHP John Smith
Batting: RHB Luis Pineda 0-0: Called Strike
0-1: Ball
1-1: Swinging Strike
1-2: Fly out, F9 (Flyball, 9M)
Batting: SHB Bobby Cox 0-0: Called Strike
0-1: Called Strike
0-2: Ball
1-2: Ball
2-2: Foul Ball, location: 2F
2-2: Foul Ball, location: 2F
2-2: Strikes out swinging
Batting: RHB Troy Lau 0-0: Ball
1-0: Ball
2-0: Foul Ball, location: 2F
2-1: Ball
3-1: Foul Ball, location: 2F
3-2: DOUBLE (Flyball, 89XD)
Batting: SHB Patrick Larson 0-0: Ball
1-0: Ball
2-0: Fly out, F7 (Line Drive, 78M)
Bottom of the 1st over - 0 run(s), 1 hit(s), 0 error(s), 1 left on base; Richmond 0 - Portland 0
TOP OF THE 2ND
Richmond Flairs batting - Pitching for Portland Privateers : RHP Steven de Vos
Batting: RHB Júlio Negrón 0-0: Called Strike
0-1: Ground out 6-3 (Groundball, 6)
Batting: RHB R.J. Crosby 0-0: SINGLE (Groundball, 4MD)
Pitching: RHP Terry Fields
Batting: LHB Mike MacFadden 0-0: Called Strike
0-1: Swinging Strike
0-2: Fly out, F6 (Popup, 6MS)
Batting: RHB Christian Hudson 0-0: Ball
1-0: Fly out, F8 (Flyball, 8RS)
Top of the 2nd over - 0 run(s), 1 hit(s), 0 error(s), 1 left on base; Richmond 0 - Portland 0
BOTTOM OF THE 2ND
Portland Privateers batting - Pitching for Richmond Flairs : RHP John Smith
Batting: RHB Júlio Vélez 0-0: Ball
1-0: Called Strike
1-1: Ball
2-1: Ball
3-1: Swinging Strike
3-2: Strikes out swinging
Batting: LHB Jerry Douglas 0-0: Fly out, F8 (Flyball, 8RM)
Batting: LHB Jeff Dorney 0-0: Called Strike
0-1: Ball
1-1: Ball
2-1: Foul Ball, location: 2F
2-2: Strikes out swinging
Bottom of the 2nd over - 0 run(s), 0 hit(s), 0 error(s), 0 left on base; Richmond 0 - Portland 0
TOP OF THE 3RD
Richmond Flairs batting - Pitching for Portland Privateers : RHP Terry Fields
Batting: LHB Roland Jones 0-0: Ball
1-0: Ground out 6-3 (Groundball, 6)
Batting: RHB António Gonzáles 0-0: Called Strike
0-1: Ball
1-1: Ground out 1-3 (Groundball, 15)
Batting: RHB Alberto Hernández 0-0: Called Strike
0-1: SINGLE (Groundball, 4MD)
Batting: RHB Andrés Lara 0-0: Ball
Alberto Hernández steals 2nd base
1-0: Ball
2-0: Ball
3-0: Called Strike
3-1: Foul Ball, location: 2F
3-2: Fly out, F9 (Flyball, 89M)
Top of the 3rd over - 0 run(s), 1 hit(s), 0 error(s), 1 left on base; Richmond 0 - Portland 0
BOTTOM OF THE 3RD
Portland Privateers batting - Pitching for Richmond Flairs : RHP John Smith
Batting: LHB Jesús Herrera 0-0: Reached on Error, E6 (Popup, 56D)
Batting: RHB Carlos Castro 0-0: Foul Ball, location: 2F
0-1: Ground out 4-3 (Groundball, 4M)
Jesús Herrera to second
Batting: RHB Luis Pineda 0-0: Foul Ball, location: 2F
0-1: Fly out, F8 (Flyball, 8RM)
Batting: SHB Bobby Cox 0-0: Ball
1-0: Foul Ball, location: 2F
1-1: Ball
2-1: Called Strike
2-2: Fly out, F5 (Popup, 5SF)
Bottom of the 3rd over - 0 run(s), 0 hit(s), 1 error(s), 1 left on base; Richmond 0 - Portland 0
TOP OF THE 4TH
Richmond Flairs batting - Pitching for Portland Privateers : RHP Terry Fields
Batting: RHB Elliott Johnston 0-0: Called Strike
0-1: Called Strike
0-2: Ground out 4-3 (Groundball, 4)
Batting: RHB Júlio Negrón 0-0: Called Strike
0-1: Ground out 5-3 (Groundball, 56)
Batting: RHB R.J. Crosby 0-0: Ball
1-0: Ball
2-0: Ball
3-0: Base on Balls
Batting: LHB Mike MacFadden 0-0: Foul Ball, location: 2F
0-1: Ball
1-1: Foul Ball, location: 2F
1-2: Foul Ball, location: 2F
1-2: Foul Ball, location: 2F
1-2: Foul Ball, location: 2F
1-2: Ball
2-2: Strikes out swinging
Top of the 4th over - 0 run(s), 0 hit(s), 0 error(s), 1 left on base; Richmond 0 - Portland 0
BOTTOM OF THE 4TH
Portland Privateers batting - Pitching for Richmond Flairs : RHP John Smith
Batting: RHB Troy Lau 0-0: Foul Ball, location: 2F
0-1: Called Strike
0-2: Ball
1-2: Ball
2-2: Strikes out looking
Batting: SHB Patrick Larson 0-0: Ball
1-0: Swinging Strike
1-1: SINGLE (Groundball, 56D)
Batting: RHB Júlio Vélez 0-0: Ball
1-0: Ball
2-0: Swinging Strike
2-1: Ball
3-1: Called Strike
3-2: Strikes out swinging
Patrick Larson is caught stealing 2nd base
Batter strikes out.
Bottom of the 4th over - 0 run(s), 1 hit(s), 0 error(s), 0 left on base; Richmond 0 - Portland 0
TOP OF THE 5TH
Richmond Flairs batting - Pitching for Portland Privateers : RHP Terry Fields
Batting: RHB Christian Hudson 0-0: Called Strike
0-1: Ball
1-1: Foul Ball, location: 2F
1-2: Ball
2-2: Foul Ball, location: 2F
2-2: Ground out 4-3 (Groundball, 4)
Batting: LHB Roland Jones 0-0: Called Strike
0-1: Ball
1-1: Ball
2-1: Foul Ball, location: 2F
2-2: Strikes out looking
Batting: RHB António Gonzáles 0-0: Foul Ball, location: 2F
0-1: Foul Ball, location: 2F
0-2: Ball
1-2: Strikes out looking
Top of the 5th over - 0 run(s), 0 hit(s), 0 error(s), 0 left on base; Richmond 0 - Portland 0
BOTTOM OF THE 5TH
Portland Privateers batting - Pitching for Richmond Flairs : RHP John Smith
Batting: LHB Jerry Douglas 0-0: Ball
1-0: Called Strike
1-1: Called Strike
1-2: Ball
2-2: Ball
3-2: DOUBLE (Line Drive, 3D)
Batting: LHB Jeff Dorney 0-0: Called Strike
0-1: Called Strike
0-2: Strikes out looking
Batting: LHB Jesús Herrera 0-0: Called Strike
0-1: Foul Ball, location: 2F
0-2: SINGLE (Groundball, 6MD)
Jerry Douglas to third
Batting: RHB Carlos Castro 0-0: Ball
1-0: Ball
2-0: 3-RUN HOME RUN (Flyball, 89XD), Distance : 419 ft
Batting: RHB Luis Pineda 0-0: Ball
1-0: Fly out, F9 (Flyball, 9LM)
Batting: SHB Bobby Cox 0-0: Foul Ball, location: 2F
0-1: Ball
1-1: Swinging Strike
1-2: Ball
2-2: Strikes out looking
Bottom of the 5th over - 3 run(s), 3 hit(s), 0 error(s), 0 left on base; Richmond 0 - Portland 3
TOP OF THE 6TH
Richmond Flairs batting - Pitching for Portland Privateers : RHP Terry Fields
Batting: RHB Alberto Hernández 0-0: Called Strike
0-1: Swinging Strike
0-2: Ball
1-2: DOUBLE (Line Drive, 7LS)
Batting: RHB Andrés Lara 0-0: Ball
1-0: SINGLE (Groundball, 3L)
Alberto Hernández to third
Batting: RHB Elliott Johnston 0-0: Ball
1-0: Called Strike
1-1: Ball
2-1: Foul Ball, location: 2F
2-2: Ball
3-2: Strikes out swinging
Andrés Lara steals 2nd base
Batter strikes out.
Batting: RHB Júlio Negrón 0-0: Ball
1-0: Called Strike
1-1: Foul Ball, location: 2F
1-2: Strikes out swinging
Batting: RHB R.J. Crosby 0-0: Ball
1-0: SINGLE (Line Drive, 89S)
Alberto Hernández scores
Andrés Lara to third
Runner from 3rd tries for Home, SAFE, no throw or cutoff
Batting: LHB Mike MacFadden 0-0: Ball
1-0: Called Strike
1-1: Swinging Strike
1-2: Ground out 1-3 (Groundball, 23)
Top of the 6th over - 2 run(s), 3 hit(s), 0 error(s), 1 left on base; Richmond 2 - Portland 3
BOTTOM OF THE 6TH
Portland Privateers batting - Pitching for Richmond Flairs : RHP John Smith
Batting: RHB Troy Lau 0-0: Ground out 4-3 (Groundball, 4)
Batting: SHB Patrick Larson 0-0: Ball
1-0: Ball
2-0: Called Strike
2-1: Ball
3-1: DOUBLE (Line Drive, 78M)
Batting: RHB Júlio Vélez 0-0: Ball
1-0: Ball
2-0: Ball
3-0: Base on Balls
Batting: LHB Jerry Douglas 0-0: Called Strike
0-1: Ball
1-1: Called Strike
1-2: Ground out 4-3 (Groundball, 4S)
Patrick Larson to third
Júlio Vélez to second
Batting: LHB Jeff Dorney 0-0: Fly out, F5 (Popup, 5F)
Bottom of the 6th over - 0 run(s), 1 hit(s), 0 error(s), 2 left on base; Richmond 2 - Portland 3
TOP OF THE 7TH
Richmond Flairs batting - Pitching for Portland Privateers : RHP Terry Fields
Pitching: RHP Mario Ramos
Batting: RHB Christian Hudson 0-0: Called Strike
0-1: Ball
1-1: Foul Ball, location: 2F
1-2: Foul Ball, location: 2F
1-2: Foul Ball, location: 2F
1-2: Ball
2-2: Foul Ball, location: 2F
2-2: Strikes out swinging
Batting: LHB Roland Jones 0-0: SINGLE (Groundball, 6MD)
Pinch Hitting: LHB Katsuyoshi Kiyomizu 0-0: Called Strike
0-1: Ball
1-1: Ball
2-1: Fly out, F4 (Line Drive, 4)
Batting: RHB Alberto Hernández 0-0: Ball
1-0: Ball
2-0: Ball
3-0: Base on Balls
Roland Jones to second
Batting: RHB Andrés Lara 0-0: DOUBLE (Groundball, 5L)
Roland Jones scores
Alberto Hernández to third
Batting: RHB Elliott Johnston 0-0: Ball
1-0: Ball
2-0: Ball
3-0: Called Strike
3-1: Foul Ball, location: 2F
3-2: Strikes out swinging
Top of the 7th over - 1 run(s), 2 hit(s), 0 error(s), 2 left on base; Richmond 3 - Portland 3
BOTTOM OF THE 7TH
Portland Privateers batting - Pitching for Richmond Flairs : RHP John Smith
Pitching: RHP Hyeong-uk Yi
Now at 3B: Guo-xiu Hsueh
Batting: LHB Jesús Herrera 0-0: Ball
1-0: Called Strike
1-1: Foul Ball, location: 2F
1-2: Foul Ball, location: 2F
1-2: Ball
2-2: Strikes out looking
Batting: RHB Carlos Castro 0-0: Foul Ball, location: 2F
0-1: Swinging Strike
0-2: Strikes out looking
Batting: RHB Luis Pineda 0-0: Called Strike
0-1: SOLO HOME RUN (Line Drive, 9LD), Distance : 347 ft
Batting: SHB Bobby Cox 0-0: Ball
1-0: Called Strike
1-1: Ball
2-1: Ball
3-1: Foul Ball, location: 2F
3-2: Strikes out swinging
Bottom of the 7th over - 1 run(s), 1 hit(s), 0 error(s), 0 left on base; Richmond 3 - Portland 4
TOP OF THE 8TH
Richmond Flairs batting - Pitching for Portland Privateers : RHP Mario Ramos
Pitching: RHP Ed Jones
Batting: RHB Júlio Negrón 0-0: Ball
1-0: Foul Ball, location: 2F
1-1: Ball
2-1: Ball
3-1: Base on Balls
Batting: RHB R.J. Crosby 0-0: Called Strike
0-1: Foul Ball, location: 2F
0-2: Ball
Wild Pitch!
Júlio Negrón to second
1-2: Fly out, F1 (Line Drive, 13S)
Pitching: LHP Jaime Ayala
Batting: LHB Mike MacFadden 0-0: Ball
1-0: Foul Ball, location: 2F
1-1: Called Strike
1-2: Strikes out swinging
Pitching: RHP Alfonso Medina
Pinch Hitting: SHB Adrián Miranda 0-0: Called Strike
0-1: Ground out 4-3 (Groundball, 4)
Top of the 8th over - 0 run(s), 0 hit(s), 0 error(s), 1 left on base; Richmond 3 - Portland 4
BOTTOM OF THE 8TH
Portland Privateers batting - Pitching for Richmond Flairs : RHP Hyeong-uk Yi
Now at 2B: Adrián Miranda
Batting: RHB Troy Lau 0-0: Swinging Strike
0-1: Called Strike
0-2: Ball
1-2: Ball
2-2: Strikes out swinging
Batting: SHB Patrick Larson 0-0: Ball
1-0: Called Strike
1-1: Fly out, F6 (Popup, 56D)
Batting: RHB Júlio Vélez 0-0: Swinging Strike
0-1: Foul Ball, location: 2F
0-2: Ball
1-2: Ball
2-2: Foul Ball, location: 2F
2-2: Foul Ball, location: 2F
2-2: Strikes out swinging
Bottom of the 8th over - 0 run(s), 0 hit(s), 0 error(s), 0 left on base; Richmond 3 - Portland 4
TOP OF THE 9TH
Richmond Flairs batting - Pitching for Portland Privateers : RHP Alfonso Medina
Pitching: LHP Timmy van de Broek
Now in RF: Juan Acotia
Batting: LHB Roland Jones 0-0: Called Strike
0-1: Foul Ball, location: 2F
0-2: Ball
1-2: Ball
2-2: Foul Ball, location: 2F
2-2: Ball
3-2: Foul Ball, location: 2F
3-2: Foul Ball, location: 2F
3-2: Strikes out swinging
Batting: RHB Guo-xiu Hsueh 0-0: Ball
1-0: SINGLE (Line Drive, 7S)
Batting: RHB Alberto Hernández 0-0: Ball
1-0: Ball
2-0: Ball
3-0: Base on Balls
Guo-xiu Hsueh to second
Batting: RHB Andrés Lara 0-0: Swinging Strike
0-1: Ball
1-1: Foul Ball, location: 2F
1-2: Strikes out swinging
Batting: RHB Elliott Johnston 0-0: Foul Ball, location: 2F
0-1: Ball
1-1: Ball
2-1: Foul Ball, location: 2F
2-2: Ball
3-2: Base on Balls
Guo-xiu Hsueh to third
Alberto Hernández to second
Batting: RHB Júlio Negrón 0-0: Foul Ball, location: 2F
0-1: Called Strike
0-2: Ball
1-2: Ball
2-2: Foul Ball, location: 2F
2-2: Foul Ball, location: 2F
2-2: Foul Ball, location: 2F
2-2: Fielders Choice at 2nd, 6-4 (Groundball, 6)
Top of the 9th over - 0 run(s), 1 hit(s), 0 error(s), 2 left on base; Richmond 3 - Portland 4
This league is powered by Out of the Park Baseball, the baseball management simulation game for PC, Mac and Linux
Tuesday, August 2nd, 2016 - OOTP Baseball 16.8 Build 38